 Dungeon Crawl Stone Soup version 0.18.1-1-g2f07953 (webtiles) character file.

23579 Danakh the Severer (level 12, -1/112 HPs)
             Began as a Minotaur Fighter on May 12, 2016.
             Was a High Priest of Trog.
             Slain by an orc knight
             ... wielding a +0 great sword
              (18 damage)
             ... on level 2 of the Orcish Mines.
             The game lasted 00:41:52 (10939 turns).

Danakh the Severer (Minotaur Fighter)              Turns: 10939, Time: 00:41:53

Health: -1/112     AC: 37    Str: 26    XL:     12   Next: 73%
Magic:  11/11      EV:  8    Int:  5    God:    Trog [*****.]
Gold:   1427       SH:  0    Dex: 12    Spells: 0 memorised, 11 levels left

rFire  . . .     SeeInvis +     U - +7 battleaxe of Xom's Righteous Fury {venom, rPois rF- rC++ SInv}
rCold  + + .     Gourm    .     y - +12 chain mail of the Moneychanger {rElec MR+}
rNeg   . . .     Faith    .     (shield currently unavailable)
rPois  +         Spirit   .     (helmet restricted)
rElec  +         Dismiss  .     e - +1 cloak
rCorr  +         Reflect  .     V - +2 pair of gloves {archery}
SustAt .         Harm     .     N - +1 pair of boots of Trog's Esteem {rF+ MR+ rCorr}
MR     +++..     Clarity  +     (no amulet)
Stlth  ..........               E - +4 ring of protection
                                G - +3 ring of slaying

@: exhausted, very slightly contaminated, slowed, very slow, extremely resistant
to hostile enchantments, extremely unstealthy
A: retaliatory headbutt, horns 2, agile 1, clarity, magic resistance 1, shaggy
fur 1
a: Berserk, Trog's Hand, Brothers in Arms, Burn Spellbooks, Renounce Religion


You were on level 2 of the Orcish Mines.
You worshipped Trog.
Trog was extremely pleased with you.
You were not hungry.

You visited 2 branches of the dungeon, and saw 13 of its levels.
You also visited: Labyrinth, Sewer and Bailey.

You collected 1572 gold pieces.
You spent 145 gold pieces at shops.

Inventory:

Hand Weapons
 J - the +7 war axe "Bymiargh" {flame, rElec rPois MP+9 Int-5}
   (You found it on level 9 of the Dungeon)

   It has been specially enchanted to burn those struck by it, causing extra
   injury to most foes and up to half again as much damage against particularly
   susceptible opponents.
   Big, fiery blades are also staple armaments of hydra-hunters.
   It affects your intelligence (-5).
   It insulates you from electricity.
   It protects you from poison.
   It affects your magic capacity (+9).
 U - the +7 battleaxe of Xom's Righteous Fury (weapon) {venom, rPois rF- rC++ SInv}
   (You found it in a labyrinth)

   It poisons the flesh of those it strikes.
   It makes you vulnerable to fire.
   It greatly protects you from cold.
   It protects you from poison.
   It lets you see invisible.
Armour
 c - a +0 shield
 e - a +1 cloak (worn)
 y - the +12 chain mail of the Moneychanger (worn) {rElec MR+}
   (You found it on level 5 of the Dungeon)

   It insulates you from electricity.
   It affects your resistance to hostile enchantments.
 N - the +1 pair of boots of Trog's Esteem (worn) {rF+ MR+ rCorr}
   (You acquired it in a bailey)

   It protects you from fire.
   It affects your resistance to hostile enchantments.
   It protects you from acid and corrosion.
 V - a +2 pair of gloves of archery (worn)
Jewellery
 r - an uncursed ring of poison resistance
 E - a +4 ring of protection (right hand)
 G - a +3 ring of slaying (left hand)
 H - the ring of Rynoquoco {Ice MR+ Dex+2 SInv}
   (You bought it in a shop on level 8 of the Dungeon)

   [ring of ice]

   It enhances your ice magic, and weakens your fire magic.
   It affects your dexterity (+2).
   It makes you vulnerable to fire.
   It protects you from cold.
   It affects your resistance to hostile enchantments.
   It lets you see invisible.
Wands
 w - a wand of teleportation (5/9)
 x - a wand of digging (11/24)
Scrolls
 i - 2 scrolls of blinking
 l - 2 scrolls of amnesia {unknown}
 o - 8 scrolls of teleportation
 p - 6 scrolls of remove curse
 q - 3 scrolls of fog
 v - a scroll of enchant weapon
 I - 4 scrolls of enchant armour
 O - a scroll of silence {unknown}
 Q - a scroll of random uselessness {unknown}
Potions
 d - 2 potions of might
 j - 4 potions of agility
 m - 4 potions of flight {unknown}
 n - 4 potions of curing
 s - 3 potions of cancellation
 t - 4 potions of heal wounds
 A - 4 potions of degeneration {unknown}
 B - a potion of invisibility
 C - 2 potions of resistance
 F - 2 potions of brilliance
Books
 k - a Grand Grimoire

   Spells                             Type                      Level
   a - Monstrous Menagerie            Summoning                    7
   b - Summon Greater Demon           Summoning                    7
   c - Malign Gateway                 Summoning/Translocation      7
   d - Summon Horrible Things         Summoning                    8
   Trog disapproves of the use of such an item.
 K - a book of Party Tricks

   Spells                             Type                      Level
   a - Summon Butterflies             Summoning                    1
   b - Apportation                    Translocation                1
   c - Tukima's Dance                 Hexes                        3
   d - Alistair's Intoxication        Transmutation/Poison         5
   e - Invisibility                   Hexes                        6
   Trog disapproves of the use of such an item.
 L - a book of Frost

   Spells                             Type                      Level
   a - Freeze                         Ice                          1
   b - Throw Frost                    Conjuration/Ice              2
   c - Ozocubu's Armour               Charms/Ice                   3
   d - Throw Icicle                   Conjuration/Ice              4
   e - Summon Ice Beast               Ice/Summoning                4
   Trog disapproves of the use of such an item.
 R - Sif Muna's Collected Works on Ensnaring Air
   (You found it in a labyrinth)

   Spells                             Type                      Level
   a - Mephitic Cloud                 Conjuration/Poison/Air       3
   b - Metabolic Englaciation         Hexes/Ice                    5
   c - Poisonous Cloud                Conjuration/Poison/Air       6
   Trog disapproves of the use of such an item.
 T - the Collected Works on Floating Hexes
   (You found it in a labyrinth)

   Spells                             Type                      Level
   a - Ensorcelled Hibernation        Hexes/Ice                    2
   b - Confusing Touch                Hexes                        2
   c - Summon Guardian Golem          Hexes/Summoning              3
   d - Cause Fear                     Hexes                        4
   e - Poisonous Cloud                Conjuration/Poison/Air       6
   Trog disapproves of the use of such an item.
Comestibles
 f - 7 bread rations
 g - 9 slices of pizza
 h - 6 fruits
 u - 5 meat rations
 z - 7 beef jerkies


   Skills:
 + Level 12.0 Fighting
 * Level 15.5 Axes
 + Level 12.0 Armour
 + Level 12.0 Shields


You had 11 spell levels left.
You didn't know any spells.

Dungeon Overview and Level Annotations

Branches:
Dungeon (11/15)            Temple (0/1) D:6            Lair (0/8) D:11
    Orc (2/2) D:11            Elf (0/3) Orc:2

Altars:
Dithmenos
Elyvilon
Fedhas
Pakellas
Ru
Trog
Xom
Yredelemnul
The Shining One
Beogh

Shops:
D:8 *[=}?   D:10 [   Orc:1 !


Innate Abilities, Weirdness & Mutations

You reflexively headbutt those who attack you in melee.
You have a pair of horns on your head.
You are agile. (Dex +2)
You possess an exceptional clarity of mind.
You are resistant to hostile enchantments.
You are covered in fur (AC +1).


Message History

The orcs go into a battle-frenzy!
The orc wizard gestures wildly while chanting.
The orc wizard blinks!
The orc priest hits you but does no damage.
You hit the orc priest.
The orc priest is poisoned.
You headbutt the orc priest.
You kill the orc priest!
You completely miss the orc knight.
The orc knight is almost dead.
The orc high priest prays to Beogh.
Unknown command.
You closely miss the orc knight. Your headbutt misses the orc knight.
The orc knight is almost dead.
You slash the orc!
You kill the orc!
You slash the orc knight!
The orc knight is poisoned.
The orc knight is lightly wounded.
The ice devil disappears in a puff of smoke!
The orc knight hits you with a great sword!!
You die...

...................##
..................##
#.............#.###
.........##.##### ..........#...#
####### .........###.##
###.....###
..........#...####.........###
..............##.o.§o).......## #
.........(....#)@o4)4o........###
.....#.......)#)#)#o#)#o#.#.#.#)#
............)))).4o............)o
............o).)......o...)o.o#.#
.......................().).....)
...........o..#.#.#.#.#.#.#.#.#.#
####.####.....#...............###
#*.....*#.....##.............## #
#.......#.<...####.........###


You could see 2 orc knights, an orc high priest, a hellwing, 2 ice devils, 3 orc
warriors, an orc priest and 2 orc wizards.

Vanquished Creatures
  Maud (Orc:2)
  A minotaur (Lab)
  5 orc high priests
  A hill giant (D:11)
  8 orc knights
  The ghost of Shasbat the Destroyer, a novice DECj of Vehumet (D:8)
  3 orc sorcerers
  2 centaur zombies (D:11)
  Psyche (D:9)
  2 gargoyles
  A troll (D:9)
  7 yaks
  A hog (D:7)
  A human (D:7)
  A hungry ghost (D:11)
  The ghost of Danakh the Skirmisher, an amateur DsBe of Trog (D:4)
  4 hippogriffs
  A warg (Orc:2)
  A water moccasin (D:6)
  An eye of draining (D:11)
  35 orc warriors
  A sky beast (D:6)
  3 black bears
  A wasp (D:11)
  4 phantoms
  7 ogres
  2 necrophages
  6 centaurs
  A crocodile (Sewer)
  2 big kobolds
  6 giant frogs
  3 scorpions
  12 killer bees
  5 wights (D:8)
  5 electric eels (Bailey)
  6 howler monkeys
  2 crimson imps
  3 quasits
  3 hounds
  A jelly (D:6)
  2 centaur skeletons
  3 giant frog skeletons
  21 orc priests
  11 orc wizards
  5 worker ants
  3 sheep (D:7)
  2 hound zombies
  A hound skeleton (D:4)
  4 gnolls (Bailey)
  10 adders
  A howler monkey skeleton (D:5)
  5 river rats
  A shadow imp (D:9)
  An ooze (D:3)
  An adder zombie (D:7)
  5 worms
  6 dart slugs
  2 giant geckos
  61 orcs
  3 giant cockroaches
  21 goblins
  20 hobgoblins
  15 jackals
  3 quokkas
  4 ball pythons
  18 bats
  3 giant newts
  10 kobolds
  A quokka zombie (D:7)
  27 rats
  A fungus (D:11)
  A plant (D:11)
424 creatures vanquished.

Vanquished Creatures (others)
  5 fungi (D:11)
  3 plants (D:11)
8 creatures vanquished.

Grand Total: 432 creatures vanquished

Notes
Turn   | Place    | Note
--------------------------------------------------------------
     0 | D:1      | Danakh the Minotaur Fighter began the quest for the Orb.
     0 | D:1      | Reached XP level 1. HP: 19/19 MP: 0/0
   103 | D:1      | Reached XP level 2. HP: 27/27 MP: 1/1
   313 | D:1      | Reached skill level 3 in Axes
   496 | D:2      | Reached XP level 3. HP: 33/33 MP: 2/2
   533 | D:2      | Found a glowing golden altar of the Shining One.
   610 | D:2      | Found an oddly glowing altar of Pakellas.
   752 | D:2      | Found a faded altar to an unknown god.
   762 | D:2      | Became a worshipper of Trog the Wrathful
   762 | D:2      | Reached * piety under Trog
   894 | D:3      | Reached XP level 4. HP: 29/41 MP: 3/3
   902 | D:3      | Reached skill level 4 in Axes
  1247 | D:3      | Reached ** piety under Trog
  1476 | D:3      | Reached XP level 5. HP: 45/47 MP: 4/4
  1654 | D:4      | Noticed Danakh's ghost (amateur DsBe)
  1664 | D:4      | Killed Danakh's ghost
  1664 | D:4      | Reached skill level 5 in Axes
  1664 | D:4      | Reached skill level 5 in Shields
  1664 | D:4      | Reached XP level 6. HP: 53/53 MP: 5/5
  2252 | D:4      | Found a glowing drain.
  2274 | Sewer    | Entered a sewer
  2448 | Sewer    | Reached skill level 5 in Fighting
  2786 | D:5      | Entered Level 5 of the Dungeon
  2803 | D:5      | Noticed a hippogriff
  2807 | D:5      | Reached skill level 6 in Axes
  2813 | D:5      | Reached skill level 5 in Armour
  2813 | D:5      | Reached XP level 7. HP: 23/61 MP: 6/6
  2818 | D:5      | Killed a hippogriff
  2821 | D:5      | HP: 3/61 [adder (2)]
  2857 | D:5      | HP: 1/61 [giant frog skeleton (4)]
  2859 | D:5      | Reached skill level 7 in Axes
  3203 | D:5      | Found a shadowy altar of Dithmenos.
  3293 | D:5      | Found a basalt altar of Yredelemnul.
  3305 | D:5      | Reached *** piety under Trog
  3473 | D:5      | Reached XP level 8. HP: 63/70 MP: 7/7
  3505 | D:5      | Found a sacrificial altar of Ru.
  3507 | D:5      | Got a bloodstained chain mail
  3518 | D:5      | Identified the +12 chain mail of the Moneychanger {rElec MR+} (You found it on level 5 of the Dungeon)
  3888 | D:6      | Found a staircase to the Ecumenical Temple.
  4076 | D:6      | Reached skill level 8 in Axes
  4640 | D:7      | Reached skill level 9 in Axes
  5031 | D:7      | Reached XP level 9. HP: 79/79 MP: 8/8
  5431 | D:8      | Reached skill level 10 in Axes
  5475 | D:8      | Found Naxt's Magic Scroll Emporium.
  5534 | D:8      | Found Siadunas's Gadget Shop.
  5564 | D:8      | Noticed Shasbat's ghost (novice DECj)
  5568 | D:8      | Killed Shasbat's ghost
  5661 | D:8      | Found Timuucr Ylokh's Assorted Antiques.
  5675 | D:8      | Bought a shimmering bronze ring for 145 gold pieces
  5676 | D:8      | Identified the ring of Rynoquoco {Ice MR+ Dex+2 SInv} (You bought it in a shop on level 8 of the Dungeon)
  5792 | D:8      | Found Woariada's Jewellery Shoppe.
  5793 | D:8      | Found Gizulir's Antique Armour Shoppe.
  5999 | D:8      | Reached skill level 11 in Axes
  6075 | D:8      | Reached **** piety under Trog
  6181 | D:9      | Reached XP level 10. HP: 74/90 MP: 9/9
  6215 | D:9      | Noticed Psyche
  6221 | D:9      | Killed Psyche
  6289 | D:9      | Found a bloodstained altar of Trog.
  6290 | D:9      | Found a blossoming altar of Fedhas.
  6292 | D:9      | Found a shimmering altar of Xom.
  6292 | D:9      | Found a white marble altar of Elyvilon.
  6300 | D:9      | Got a crystal war axe
  6301 | D:9      | Lost intelligence.
  6301 | D:9      | Identified the +7 war axe "Bymiargh" {flame, rElec rPois MP+9 Int-5} (You found it on level 9 of the Dungeon)
  6451 | D:9      | Found a flagged portal.
  6474 | Bailey   | Entered a bailey
  6515 | Bailey   | Noticed an orc high priest
  6515 | Bailey   | Found an iron altar of Okawaru.
  6515 | Bailey   | Noticed an orc sorcerer
  6521 | Bailey   | Killed an orc high priest
  6521 | Bailey   | Reached skill level 12 in Axes
  6521 | Bailey   | Killed an orc sorcerer
  6522 | Bailey   | Reached ***** piety under Trog
  6864 | Bailey   | Noticed an orc knight
  6864 | Bailey   | Received a gift from Trog
  6882 | Bailey   | Killed an orc knight
  7167 | Bailey   | Noticed an orc knight
  7177 | Bailey   | Killed an orc knight
  7177 | Bailey   | Reached XP level 11. HP: 63/99 MP: 10/10
  7286 | Bailey   | Noticed an orc knight
  7294 | Bailey   | Killed an orc knight
  7294 | Bailey   | Reached skill level 10 in Fighting
  7294 | Bailey   | Reached skill level 10 in Shields
  7309 | Bailey   | Got a pair of polished boots
  7315 | Bailey   | Identified the +1 pair of boots of Trog's Esteem {rF+ MR+ rCorr} (You acquired it in a bailey)
  7580 | D:9      | Reached skill level 13 in Axes
  7976 | D:10     | Entered Level 10 of the Dungeon
  7979 | D:10     | Reached skill level 10 in Armour
  8355 | D:10     | Found Hyagh's Antique Armour Shoppe.
  8826 | D:11     | Noticed a hill giant
  8833 | D:11     | Killed a hill giant
  8869 | D:11     | Received a gift from Trog
  8923 | D:11     | Found a staircase to the Lair.
  9042 | D:11     | Found a glowing golden altar of the Shining One.
  9224 | D:11     | Found a staircase to the Orcish Mines.
  9655 | D:11     | Reached skill level 14 in Axes
  9709 | D:11     | Gained mutation: You are agile. (Dex +2) [potion of mutation]
  9709 | D:11     | Gained mutation: You are resistant to hostile enchantments. [potion of mutation]
  9709 | D:11     | Gained mutation: You are covered in fur (AC +1). [potion of mutation]
  9710 | D:11     | Gained mutation: You possess an exceptional clarity of mind. [potion of beneficial mutation]
  9759 | Orc:1    | Entered Level 1 of the Orcish Mines
  9759 | Orc:1    | Noticed an orc sorcerer
  9763 | Orc:1    | Noticed an orc high priest
  9765 | Orc:1    | Killed an orc sorcerer
  9766 | Orc:1    | Found Aroeg's Distillery.
  9777 | Orc:1    | Killed an orc high priest
  9843 | Orc:2    | Entered Level 2 of the Orcish Mines
  9871 | Orc:2    | Found a labyrinth entrance.
  9881 | Lab      | Entered a labyrinth
 10186 | Lab      | Noticed a minotaur
 10194 | Lab      | Killed a minotaur
 10194 | Lab      | Reached XP level 12. HP: 110/110 MP: 11/11
 10203 | Lab      | Identified Sif Muna's Collected Works on Ensnaring Air
 10203 | Lab      | Identified the Collected Works on Floating Hexes
 10204 | Lab      | Got a twisted battleaxe
 10219 | Lab      | Identified the +7 battleaxe of Xom's Righteous Fury {venom, rPois rF- rC++ SInv} (You found it in a labyrinth)
 10295 | Orc:2    | Found a roughly hewn altar of Beogh.
 10473 | Orc:2    | Found a staircase to the Elven Halls.
 10562 | Orc:2    | Noticed Maud
 10590 | Orc:2    | Killed Maud
 10590 | Orc:2    | Reached skill level 15 in Axes
 10757 | Orc:2    | Noticed an orc high priest
 10774 | Orc:2    | Killed an orc high priest
 10782 | Orc:2    | Received a gift from Trog
 10904 | Orc:2    | Noticed an orc high priest
 10907 | Orc:2    | Noticed an orc high priest
 10912 | Orc:2    | Killed an orc high priest
 10918 | Orc:2    | Noticed an orc high priest
 10920 | Orc:2    | Killed an orc high priest
 10923 | Orc:2    | Noticed an orc high priest
 10939 | Orc:2    | Slain by an orc knight

Skill      XL: |  1  2  3  4  5  6  7  8  9 10 11 12 |
---------------+-------------------------------------+-----
Fighting       | 4 5 7 8 9 11 12 | 12.0
Shields        | 4 5 6 7 8 9 11 12 | 12.0
Axes           | 3 4 5 6 7 9 11 12 14 15 | 15.5
Armour         | 4 5 6 8 9 11 12 | 12.0

Action                   |  1- 3 |  4- 6 |  7- 9 | 10-12 || total
-------------------------+-------+-------+-------+-------++-------
Melee: War axe           |    80 |   144 |   281 |   383 ||   888
       Headbutt          |    18 |    20 |    51 |    97 ||   186
       Battleaxe         |       |       |       |    93 ||    93
Invok: Berserk           |       |     1 |     3 |     9 ||    13
       Trog's Hand       |       |       |       |     2 ||     2
Evoke: Wand              |       |       |       |     1 ||     1
  Use: Scroll            |       |       |    15 |     9 ||    24
       Potion            |       |       |     1 |     2 ||     3
 Stab: Distracted        |       |       |     1 |       ||     1
  Eat: Chunk             |       |     6 |    16 |    16 ||    38
       Royal jelly       |       |       |       |     3 ||     3
       Fruit             |       |       |       |     6 ||     6
Armor: Scale mail        |    37 |    77 |    28 |       ||   142
       Chain mail        |       |       |   122 |   285 ||   407
Dodge: Dodged            |    27 |    46 |    56 |   136 ||   265
Block: Shield            |    47 |    82 |   152 |   216 ||   497
       Buckler           |       |       |       |     5 ||     5
       Reflection        |       |       |       |     2 ||     2
